 Dungeon Crawl Stone Soup version 0.30-a0-718-geaa24f58ff (webtiles) character file.

Game seed: 17470714874166725064

66472 ragingrage the Severer (level 15, -4/141 HPs)
             Began as a Hill Orc Fighter on Jan 25, 2023.
             Was an Elder of Qazlal.
             Slain by a bog body (12 damage)
             ... in an ice cave.
             The game lasted 00:28:54 (25769 turns).

ragingrage the Severer (Hill Orc Fighter)          Turns: 25769, Time: 00:28:55

Health: -4/141     AC: 13    Str: 25    XL:     15   Next: 19%
Magic:  0/22       EV: 11    Int:  8    God:    Qazlal [****..]
Gold:   719        SH:  5    Dex: 12    Spells: 14/14 levels left

rFire   + + +      SeeInvis +    b - +4 broad axe (flame)
rCold   . . .      Faith    .    (no shield)
rNeg    . . .      Spirit   +    P - +1 scale mail {Will+}
rPois   +          Reflect  .    (no helmet)
rElec   .          Harm     .    m - +0 cloak
rCorr   +          Rampage  .    n - +1 pair of gloves
Will    +....                    (no boots)
Stlth   +                        g - amulet of guardian spirit
HPRegen 0.43/turn                O - ring of see invisible
MPRegen 0.18/turn                c - ring "Leyg" {rPois rF+++ Will- rCorr Stlth+}

@: slowed, repel missiles, very slow
A: no striking features
a: Renounce Religion, Upheaval, Elemental Force


You were in an ice cave.
You worshipped Qazlal.
Qazlal was greatly pleased with you.
You visited 4 branches of the dungeon, and saw 22 of its levels.
You also visited: Ice Cave.

You collected 1902 gold pieces.
You spent 1183 gold pieces at shops.

Inventory:

Hand Weapons
 a - a +2 vampiric battleaxe
 b - a +4 broad axe of flaming (weapon)
Missiles
 F - 20 boomerangs (quivered)
 H - 8 poisoned darts
Armour
 m - a +0 cloak (worn)
 n - a +1 pair of gloves (worn)
 u - a +0 robe of resistance
 L - a +2 leather armour of fire resistance
 P - a +1 scale mail of willpower (worn)
Jewellery
 c - the ring "Leyg" (right hand) {rPois rF+++ Will- rCorr Stlth+}
   (You found it on level 4 of the Lair of Beasts)

   [ring of resist corrosion]

   rF:        It renders you almost immune to fire.
   rPois:     It protects you from poison.
   rCorr:     It protects you from acid and corrosion.
   Will:      It decreases your willpower.
   Stlth:     It makes you more stealthy.
 g - an amulet of guardian spirit (around neck)
 O - a ring of see invisible (left hand)
Wands
 j - a wand of iceblast (5)
 B - a wand of flame (19)
 G - a wand of charming (16)
 J - a wand of light (21)
 T - a wand of mindburst (9)
Scrolls
 f - 5 scrolls of fear
 h - 7 scrolls of blinking
 k - 11 scrolls of teleportation
 l - a scroll of enchant weapon
 o - 3 scrolls of enchant armour
 q - 7 scrolls of magic mapping
 r - 2 scrolls of immolation
 t - 3 scrolls of vulnerability
 v - 2 scrolls of poison
 y - 3 scrolls of fog
 I - a scroll of brand weapon {unknown}
 M - a scroll of amnesia
 N - 2 scrolls of noise
 V - a scroll of summoning {unknown}
Potions
 d - 3 potions of might
 e - 7 potions of curing
 i - 2 potions of brilliance
 p - a potion of haste
 s - a potion of magic
 w - 2 potions of flight
 x - 5 potions of ambrosia
 z - a potion of lignification
 A - a potion of invisibility
 C - 3 potions of berserk rage
 D - 3 potions of attraction
 E - 3 potions of resistance
 Q - 2 potions of mutation
 S - 2 potions of heal wounds
Miscellaneous
 W - a tin of tremorstones (2/2)


   Skills:
 - Level 15.0 Fighting
 - Level 20.0 Axes
 + Level 6.2 Throwing
 + Level 10.2 Armour
 - Level 4.0 Dodging
 - Level 4.0 Stealth
 - Level 10.0 Shields
 + Level 9.4 Invocations
 + Level 5.4 Evocations


You had 14 spell levels left.
You didn't know any spells.
Your spell library contained the following spells:

 Spells                   Type           Power      Damage    Failure   Level
 Magic Dart               Conj           0%         1d3       65%         1
 Searing Ray              Conj           0%         2d4       78%         2
 Portal Projectile        Hex/Tloc       0%         N/A       95%         3
 Tukima's Dance           Hex            0%         N/A       95%         3
 Fulminant Prism          Conj/Hex       0%         3d5       100%        4
 Passage of Golubria      Tloc           0%         N/A       100%        4
 Blade Hands              Tmut           0%         N/A       100%        5
 Silence                  Hex/Air        0%         N/A       100%        5
 Yara's Violent Unravell  Hex/Tmut       0%         3d3       100%        5
 Lehudib's Crystal Spear  Conj/Erth      0%         10d2      100%        8


Dungeon Overview and Level Annotations

Branches:
Dungeon (14/15)            Temple (1/1) D:7            Lair (5/5) D:10
 Shoals (0/4) Lair:3        Snake (0/4) Lair:2        Slime (0/5) Lair:4
    Orc (2/2) D:10            Elf (0/3) Orc:2        Vaults (0/5) D:13
  IceCv (1/1)

Altars:
Ashenzari
Cheibriados
Dithmenos
Elyvilon
Fedhas
Gozag
Hepliaklqana
Kikubaaqudgha
Makhleb
Nemelex Xobeh
Okawaru
Qazlal
Ru
Trog
Vehumet
Wu Jian
Xom
Zin
The Shining One
Jiyva

Shops:
D:4 ?   Orc:2 *(*(

Annotations:
D:4 1 runed translucent door, exclusion: 2 downstairs, acebull12's ghost, amateur KoBr
D:5 Edmund
D:6 2 transporters, Mintmane's ghost, novice DrCj
D:7 2 runed translucent doors, Crazy Yiuf; pokeman's ghost, novice DEHW
D:8 1 runed translucent door, superbruh's ghost, novice DjHW
D:13 3 runed translucent doors, baller8008's ghost, journeyman DECj
D:14 Roxanne
Lair:5 exclusion: 3 doors


Message History

You feel yourself slow down.
You close the door.
You start resting.
A bog body opens the door.
The bog body casts a spell at you. The bolt of cold hits you!!
The bog body touches you but does no damage.
There is an open door here.
You hit the bog body.
The bog body is lightly damaged.
The bog body barely misses you.
You closely miss the bog body.
The bog body is lightly damaged.
You block the bog body's attack.
You hit the bog body.
The bog body is lightly damaged.
The bog body points at you and mumbles some strange words.
The bolt of cold hits you!!
* * * LOW HITPOINT WARNING * * *
You completely miss the bog body.
The bog body is lightly damaged.
The bog body gestures at you while chanting.
The bolt of cold hits you!!
* * * LOW HITPOINT WARNING * * *
You feel much better.
The bog body touches you but does no damage.
The bog body gestures at you while chanting.
The bolt of cold misses you.
You slash the bog body!
The bog body is moderately damaged.
The bog body touches you.
* * * LOW HITPOINT WARNING * * *
The bog body freezes you!
* * * LOW HITPOINT WARNING * * *
You slash the bog body! You burn the bog body.
The bog body is heavily damaged.
The bog body touches you!
* * * LOW HITPOINT WARNING * * *
The bog body freezes you!
You die...

#.............##
.####...####.#
#. #...#W.###
##'##!⌠#
#...#+## #...#
#...### #...#.#
#+#...#@#
+....°.n+
#.8..☼8.#
+.......+
#.8...8.#
..........
###.8...8.##
+.......+
#.8...8.#


You could see a bog body.

Vanquished Creatures
  A dire elephant (Lair:5)
  Snorg (Orc:1)
  3 vault guards
  3 hydras
  An ice dragon (D:14)
  A catoblepas (Lair:4)
  A caustic shrike simulacrum (IceCv)
  4 centaur warriors
  2 two-headed ogres
  2 boulder beetles
  10 death yaks
  3 orc high priests (Orc:2)
  2 obsidian statues (IceCv)
  A bog body (IceCv)
  6 orc knights
  7 ugly things
  3 orc sorcerers
  2 deep elf pyromancers
  Pikel (D:4)
  3 manticores
  3 cyclopes
  5 black mambas
  A gargoyle (D:10)
  6 cane toads
  Maggie (D:9)
  2 rime drakes
  2 kobold demonologists (D:11)
  An efreet (D:13)
  A tengu conjurer (D:14)
  3 freezing wraiths (IceCv)
  3 komodo dragons
  A hornet (D:8)
  3 polar bears
  A hornet (shapeshifter) (D:13)
  5 trolls
  Prince Ribbit (D:7)
  A spectral elephant (Lair:5)
  11 blink frogs
  11 dream sheep
  9 slime creatures
  A shadow (D:11)
  Sigmund (D:6)
  A wraith (D:9)
  A dire elephant simulacrum (IceCv)
  3 wyverns
  32 yaks
  A vampire (D:13)
  A steam dragon (D:9)
  Eustachio (D:6)
  4 basilisks
  7 vampire mosquitoes
  A harpy simulacrum (IceCv)
  3 nagas (Lair:2)
  6 wargs
  A naga (shapeshifter) (D:13)
  A spectral cane toad (Lair:5)
  2 acid dragons
  10 water moccasins
  Duvessa (D:4)
  An ice beast (D:6)
  24 orc warriors
  A swamp drake (D:10)
  An ettin simulacrum (IceCv)
  A sky beast (D:7)
  An elephant zombie (Lair:5)
  9 wolves
  6 centaurs
  6 ogres
  An elephant skeleton (Lair:5)
  A phantom (D:5)
  2 kobold brigands
  Blork the orc (D:5)
  2 necrophages
  8 bullfrogs
  3 deep troll simulacra (IceCv)
  3 scorpions
  A cane toad simulacrum (Lair:5)
  6 wights (D:6)
  Dowan (D:4)
  5 killer bees (D:10)
  2 hounds
  4 jellies
  26 orc priests
  2 gnoll boudas
  2 iguanas
  26 orc wizards
  7 gnolls
  7 adders
  2 white imps
  An ufetubus (D:4)
  2 worms
  5 dart slugs
  68 orcs
  6 endoplasms
  3 giant cockroaches
  6 goblins
  9 hobgoblins
  7 jackals (D:4)
  11 kobolds
  4 quokkas
  7 ball pythons
  4 bats
  3 frilled lizards
  6 rats
  A spectral hobgoblin (D:9)
  A butterfly (Lair:1)
512 creatures vanquished.

Vanquished Creatures (collateral kills)
  A hydra (D:13)
  A vault guard (D:13)
  An orc sorcerer (Orc:2)
  A manticore (D:13)
  2 slime creatures (D:12)
  A cane toad (Lair:5)
  An orc (Orc:1)
8 creatures vanquished.

Vanquished Creatures (others)
  16 fungi
  11 plants
  20 withered plants (Lair:5)
47 creatures vanquished.

Grand Total: 567 creatures vanquished

Notes
Turn   | Place    | Note
-------+----------+-------------------------------------------
     0 | D:1      | ragingrage the Hill Orc Fighter began the quest for the
                  | Orb.
     0 | D:1      | Reached XP level 1. HP: 19/19 MP: 1/1
   112 | D:1      | Reached skill level 3 in Axes
   184 | D:1      | Reached XP level 2. HP: 25/26 MP: 0/2
   649 | D:1      | Reached skill level 4 in Axes
  1078 | D:2      | Reached XP level 3. HP: 31/31 MP: 3/3
  1256 | D:2      | Reached skill level 5 in Axes
  1930 | D:3      | Reached XP level 4. HP: 39/39 MP: 4/4
  1961 | D:2      | Reached skill level 1 in Stealth
  2056 | D:3      | Reached skill level 6 in Axes
  2056 | D:3      | Reached XP level 5. HP: 45/45 MP: 5/5
  2660 | D:4      | Reached skill level 7 in Axes
  2671 | D:4      | Found Rott's Magic Scroll Emporium.
  2679 | D:4      | Bought a scroll of teleportation for 39 gold pieces
  2679 | D:4      | Bought a scroll of blinking for 97 gold pieces
  2741 | D:4      | Noticed Dowan
  2742 | D:4      | Noticed Duvessa
  2763 | D:4      | Killed Duvessa
  2764 | D:4      | Reached skill level 8 in Axes
  2764 | D:4      | Reached XP level 6. HP: 30/51 MP: 2/6
  2771 | D:5      | Entered Level 5 of the Dungeon
  2899 | D:4      | Killed Dowan
  2914 | D:4      | Noticed Pikel
  3054 | D:4      | Noticed acebull12's ghost (amateur KoBr)
  3062 | D:4      | Found a runed translucent door.
  3089 | D:4      | Reached skill level 9 in Axes
  3089 | D:4      | Reached XP level 7. HP: 52/57 MP: 7/7
  3438 | D:4      | Reached skill level 10 in Axes
  3626 | D:4      | Killed Pikel
  3627 | D:4      | Reached skill level 11 in Axes
  3627 | D:4      | Reached XP level 8. HP: 55/64 MP: 6/8
  4163 | D:5      | Reached skill level 12 in Axes
  4327 | D:5      | Noticed Edmund
  4385 | D:4      | Bought a scroll of fog for 52 gold pieces
  4618 | D:6      | Reached skill level 13 in Axes
  4618 | D:6      | Noticed Sigmund
  4657 | D:6      | Killed Sigmund
  4833 | D:6      | Noticed Eustachio
  4851 | D:6      | Reached skill level 14 in Axes
  4854 | D:6      | Reached XP level 9. HP: 56/71 MP: 6/9
  4869 | D:6      | Reached skill level 1 in Dodging
  4917 | D:6      | Killed Eustachio
  5089 | D:6      | Found a transporter.
  5091 | D:6      | Noticed Mintmane's ghost (novice DrCj)
  5563 | D:6      | Noticed a manticore
  5583 | D:6      | Found a transporter.
  5801 | D:5      | Noticed Blork the orc
  5820 | D:5      | Killed Blork the orc
  5953 | D:5      | Found a white marble altar of Elyvilon.
  5953 | D:5      | Found an opulent altar of Gozag.
  6107 | D:7      | Reached skill level 5 in Fighting
  6338 | D:7      | Noticed Prince Ribbit
  6339 | D:7      | Found a runed translucent door.
  6363 | D:7      | Killed Prince Ribbit
  6591 | D:7      | Found a staircase to the Ecumenical Temple.
  6639 | D:7      | Reached skill level 5 in Armour
  6800 | D:7      | Found a runed translucent door.
  6801 | D:7      | Noticed Crazy Yiuf
  6920 | D:7      | Noticed pokeman's ghost (novice DEHW)
  6956 | Temple   | Entered the Ecumenical Temple
  7029 | Temple   | Became a worshipper of Qazlal Stormbringer
  7108 | D:8      | Found a runed translucent door.
  7109 | D:8      | Noticed superbruh's ghost (novice DjHW)
  7196 | D:8      | Found a bloodstained altar of Trog.
  7211 | D:8      | Reached skill level 5 in Shields
  7242 | D:8      | Reached XP level 10. HP: 80/83 MP: 10/10
  7337 | D:8      | Found a burning altar of Makhleb.
  8373 | D:9      | Reached * piety under Qazlal
  8429 | D:9      | Found a hazy altar of Hepliaklqana.
  8476 | D:9      | Noticed Maggie
  8494 | D:9      | Killed Maggie
  9046 | D:10     | Entered Level 10 of the Dungeon
  9090 | D:10     | Noticed a boulder beetle
  9111 | D:10     | Killed a boulder beetle
  9112 | D:10     | Reached skill level 15 in Axes
  9182 | D:10     | Noticed a gargoyle
  9201 | D:11     | Noticed a kobold demonologist
  9223 | D:10     | Killed a gargoyle
  9281 | D:10     | Reached skill level 16 in Axes
  9284 | D:10     | Reached XP level 11. HP: 55/91 MP: 5/11
  9452 | D:10     | Reached ** piety under Qazlal
  9470 | D:10     | Found a staircase to the Orcish Mines.
  9613 | D:10     | Found a staircase to the Lair.
  9672 | D:10     | Reached skill level 17 in Axes
 10017 | D:10     | Noticed a two-headed ogre
 10039 | D:10     | Killed a two-headed ogre
 10460 | D:10     | Found a glowing silver altar of Zin.
 10975 | D:11     | Reached skill level 18 in Axes
 11249 | D:11     | Reached skill level 1 in Invocations
 11270 | D:11     | Reached skill level 1 in Evocations
 11360 | D:11     | Noticed a two-headed ogre
 11374 | D:11     | Killed a two-headed ogre
 11948 | Lair:1   | Entered Level 1 of the Lair of Beasts
 12350 | Lair:1   | Reached XP level 12. HP: 101/101 MP: 14/14
 12890 | D:4      | Bought a scroll of enchant weapon for 97 gold pieces
 12890 | D:4      | Bought a scroll of teleportation for 39 gold pieces
 13254 | Lair:1   | Reached *** piety under Qazlal
 13705 | Lair:2   | Reached skill level 5 in Invocations
 13958 | Lair:2   | Noticed a seven-headed hydra
 13965 | Lair:2   | Killed a four-headed hydra
 14439 | Lair:2   | Found a staircase to the Snake Pit.
 15038 | Lair:3   | Noticed a death yak
 15039 | Lair:3   | Noticed a death yak
 15080 | Lair:3   | Killed a death yak
 15105 | Lair:3   | Found a staircase to the Shoals.
 15183 | Lair:3   | Reached skill level 5 in Evocations
 15498 | Lair:3   | Noticed a death yak
 15499 | Lair:3   | Noticed a death yak
 15511 | Lair:3   | Killed a death yak
 15520 | Lair:3   | Killed a death yak
 15524 | Lair:3   | Killed a death yak
 15525 | Lair:3   | Reached skill level 10 in Fighting
 15830 | Lair:3   | Identified the +1 hand axe of the Owl {freeze, rF+ rN+}
 16225 | Lair:4   | Noticed a catoblepas
 16238 | Lair:4   | Killed a catoblepas
 16239 | Lair:4   | Reached skill level 1 in Throwing
 16239 | Lair:4   | Reached XP level 13. HP: 106/113 MP: 16/19
 16581 | Lair:4   | Found a viscous altar of Jiyva.
 16581 | Lair:4   | Found a staircase to the Slime Pits.
 17017 | Lair:4   | Identified the ring "Leyg" {rPois rF+++ Will- rCorr Stlth+}
 17113 | Lair:5   | Entered Level 5 of the Lair of Beasts
 17128 | Lair:5   | Reached skill level 10 in Armour
 17326 | Lair:5   | Reached **** piety under Qazlal
 17497 | Lair:5   | Noticed a dire elephant
 17498 | Lair:5   | Noticed a dire elephant
 17507 | Lair:5   | Killed a dire elephant
 17760 | Lair:5   | Reached skill level 5 in Throwing
 18814 | Orc:1    | Entered Level 1 of the Orcish Mines
 18988 | Orc:1    | Noticed Snorg
 19002 | Orc:1    | Killed Snorg
 19295 | Orc:2    | Entered Level 2 of the Orcish Mines
 19435 | Orc:2    | Reached XP level 14. HP: 119/125 MP: 18/20
 19969 | Orc:2    | Found a staircase to the Elven Halls.
 20988 | Orc:2    | Reached skill level 10 in Shields
 21399 | Orc:2    | Found Xaepn's Weapon Boutique.
 21405 | Orc:2    | Found Rigy's Assorted Antiques.
 21412 | Orc:2    | Bought a lead wand for 100 gold pieces
 21414 | Orc:2    | Bought a heavily runed leather armour for 175 gold pieces
 21414 | Orc:2    | Identified the +1 leather armour "Vimeimot" {rElec} (You
                  | bought it in a shop on level 2 of the Orcish Mines)
 21414 | Orc:2    | Bought an ichor-stained leather armour for 175 gold pieces
 21414 | Orc:2    | Identified the +1 leather armour of the Accordion {Int+4
                  | Slay+3 Stlth-} (You bought it in a shop on level 2 of the
                  | Orcish Mines)
 21414 | Orc:2    | Found Doosus's Antique Weapon Shoppe.
 21418 | Orc:2    | Found Walicic's Assorted Antiques.
 21923 | Orc:2    | Bought a +2 vampiric battleaxe for 409 gold pieces
 22984 | D:13     | Found a runed translucent gate.
 22989 | D:13     | Found a runed translucent gate.
 23129 | D:13     | Noticed baller8008's ghost (journeyman DECj)
 23141 | D:13     | Found a runed translucent gate.
 23181 | D:13     | Reached skill level 19 in Axes
 23439 | D:13     | Found a gate to the Vaults.
 24156 | D:14     | Reached skill level 20 in Axes
 24161 | D:14     | Reached XP level 15. HP: 103/139 MP: 8/21
 24178 | D:14     | Noticed Roxanne
 24558 | D:14     | Found a frozen archway.
 24570 | D:14     | Reached skill level 15 in Fighting
 24587 | IceCv    | Entered an ice cave
 25769 | IceCv    | Slain by a bog body

Illustrated notes

Levels and vault maps discovered:
D:1:      dpeg_arrival_central, layout_basic, minivault_27,
          minmay_small_reverse_x
D:2:      layout_loops_corners
D:3:      layout_basic, serial_corexii_hall, chequers_hall_statues_wall_a,
          corexii_hall_statues_l, nicolae_underground_beach
D:4:      layout_basic, hellmonk_ghost_happy_afterlife, serial_shops,
          shop_fountains, sigmund_army, uniq_pikel, uniq_duvessa
D:5:      layout_basic, gammafunk_temple_overflow_pools, uniq_edmund,
          uniq_blork_the_orc
D:6:      layout_basic, gammafunk_ghost_arena, uniq_sigmund, uniq_eustachio
D:7:      layout_basic, minmay_temple_entry_slanted,
          ebering_ghost_reflecting_pool, uniq_crazy_yiuf_cottage,
          uniq_prince_ribbit1
D:8:      layout_loops_ring, mainiacjoe_overflow_catch_the_wave,
          ebering_ghost_reflecting_pool, chequers_garden
D:9:      layout_rooms, nicolae_hepliaklqana_monster_ancestors, uniq_maggie
D:10:     layout_roguey, zin_treasury, erik_lair_orcish_takeover, erik_orc_1,
          nzn_sisyphean_effort
D:11:     layout_loops_ring
D:12:     layout_rooms
D:13:     layout_rooms, lightli_vaults_fourway_checkpoint,
          maelrawn_ghost_gauntlet_escape
D:14:     layout_cave_pools, portal_ice_cave_entry_dragon,
          kennysheep_vampire_church, uniq_roxanne
Temple:   nicolae_temple_superstar
Lair:1:   layout_regular_city, grunt_megastairs_3, infiniplex_staircase_pool_2,
          lemuel_fruit_fields, lemuel_fruit_fields
Lair:2:   layout_long_grid, nicolae_snake_entry_squirm
Lair:3:   layout_roguey, elwin_shoals_entry_rocks
Lair:4:   layout_cellular_growth, slime_entry_1
Lair:5:   due_jungle_book, layout_long_grid, st_stairs_13
Orc:1:    layout_diamond_mine, uniq_snorg
Orc:2:    st_orc_elflike, layout_caves
IceCv:    ice_cave_tombish

Skill      XL: |  1  2  3  4  5  6  7  8  9 10 11 12 13 14 15 |
---------------+----------------------------------------------+-----
Axes           | 3 4 5 6 8 9 11 14 16 18 20 | 20.0
Stealth        | 1 2 3 4 |  4.0
Fighting       | 5 6 8 10 11 14 15 | 15.0
Dodging        | 2 3 4 |  4.0
Armour         | 5 6 7 9 10 | 10.2
Shields        | 5 6 7 9 10 | 10.0
Invocations    | 3 8 9 |  9.4
Evocations     | 2 5 |  5.4
Throwing       | 1 5 6 |  6.2

Action                     |  1- 3 |  4- 6 |  7- 9 | 10-12 | 13-15 || total
---------------------------+-------+-------+-------+-------+-------++-------
  Melee: War axe           |    78 |       |       |       |       ||    78
         Hand axe          |    20 |   109 |   277 |   462 |       ||   868
         Broad axe         |       |       |       |   184 |   507 ||   691
         Battleaxe         |       |       |       |       |   236 ||   236
         Punch             |       |       |       |       |     1 ||     1
  Throw: Dart              |       |       |     3 |    28 |     1 ||    32
         Boomerang         |       |       |    14 |       |    28 ||    42
 Invoke: Elemental Force   |       |       |       |       |     5 ||     5
         Upheaval          |       |       |       |       |     6 ||     6
  Evoke: Wand              |       |       |       |     2 |     2 ||     4
    Use: Scroll            |       |     5 |     1 |    13 |     5 ||    24
         Potion            |       |       |     3 |     3 |     2 ||     8
   Stab: Invisible         |       |       |       |     4 |       ||     4
         Paralysed         |       |       |       |       |     4 ||     4
 Armour: Scale mail        |    46 |    45 |    65 |   139 |   196 ||   491
         Robe              |       |       |       |       |     1 ||     1
  Dodge: Dodged            |    43 |    33 |    88 |   198 |   248 ||   610
         Repelled          |       |       |       |       |    10 ||    10
  Block: Buckler           |    22 |    27 |    39 |   170 |   154 ||   412
         Other             |       |       |       |       |    51 ||    51

Table legend: (Time is in decaauts)
 A = Elapsed time spent in this place.
 B = Non-inter-level travel time spent in this place.
 C = Inter-level travel time spent in this place.
 D = Time resting spent in this place.
 E = Time spent auto-exploring this place.
 F = Levels seen in this place.
 G = Mean time per level.
                   A        B        C        D        E       F      G
               +--------+--------+--------+--------+--------+-----+--------+
         Total |  25336 |  23418 |   1918 |   5409 |  14218 |  23 | 1101.6 |
       Dungeon |  15274 |  13996 |   1278 |   2680 |   8898 |  14 | 1091.0 |
        Temple |     88 |     61 |     27 |      0 |     45 |   1 |   88.0 |
          Lair |   6081 |   5727 |    354 |    718 |   4244 |   5 | 1216.2 |
  Orcish Mines |   2725 |   2468 |    257 |   1059 |    945 |   2 | 1362.5 |
      Ice Cave |   1167 |   1167 |      0 |    952 |     86 |   1 | 1167.0 |
               +--------+--------+--------+--------+--------+-----+--------+

Top non-repeatable levels by time:
    D:10: 2318 daAuts
     D:4: 1658 daAuts
  Lair:5: 1508 daAuts
   Orc:1: 1490 daAuts
    D:13: 1338 daAuts
  Lair:2: 1313 daAuts
    D:12: 1240 daAuts
   Orc:2: 1235 daAuts
     D:6: 1193 daAuts
   IceCv: 1167 daAuts
  Lair:3: 1120 daAuts
  Lair:1: 1093 daAuts
  Lair:4: 1045 daAuts
     D:8: 991 daAuts
     D:9: 977 daAuts
